 Dungeon Crawl Stone Soup version 0.31-a0-1570-g93c622d222 (webtiles) character file.

Game seed: 9123930928106410492

11870 grandjackal the Thaumaturge (level 11, -1/55 HPs)
             Began as a Deep Elf Conjurer on Jan 4, 2024.
             Was a Priest of Sif Muna.
             Slain by a two-headed ogre
             ... wielding a +0 giant club
              (12 damage)
             ... on level 10 of the Dungeon.
             The game lasted 00:23:29 (11816 turns).

grandjackal the Thaumaturge (Deep Elf Conjurer)    Turns: 11816, Time: 00:23:30

Health: -1/55      AC:  7    Str:  4    XL:     11   Next: 55%
Magic:  0/37       EV: 12    Int: 28    God:    Sif Muna [***...]
Gold:   754        SH:  0    Dex: 15    Spells: 7/32 levels left

rFire   . . .        f - staff of air
rCold   + . .        a - orb {*channel}
rNeg    + . .        G - +0 robe "Tizun" {^Drain rC+ rCorr Dex+2}
rPois   .            z - +2 helmet
rElec   +            (no cloak)
rCorr   +            c - +0 pair of gloves
SInv    .            u - +0 pair of boots
Will    +....        (no amulet)
Stlth   ++           i - ring of positive energy
HPRegen 0.29/turn    B - ring of magical power
MPRegen 0.25/turn

%: channel magic (20%)
@: very slightly contaminated
A: no striking features
a: Renounce Religion, Channel Magic, Forget Spell


You were on level 10 of the Dungeon.
You worshipped Sif Muna.
Sif Muna was most pleased with you.
You visited 2 branches of the dungeon, and saw 11 of its levels.
You also visited: Sewer and Bailey.

You collected 919 gold pieces.
You spent 165 gold pieces at shops.

Inventory:

Hand Weapons
 b - a +2 demon blade of freezing
 j - a +2 dagger of draining
Missiles
 s - 16 throwing nets
Armour
 a - an orb of energy (worn)
 c - a +0 pair of gloves (worn)
 u - a +0 pair of boots (worn)
 z - a +2 helmet (worn)
 G - the +0 robe "Tizun" (worn) {^Drain rC+ rCorr Dex+2}
   (You bought it in a shop on level 2 of the Dungeon)

   Dex+2:     It affects your dexterity (+2).
   rC+:       It protects you from cold.
   rCorr:     It protects you from acid and corrosion.
   ^Drain:    It drains your maximum health when unequipped.
 I - the +1 acid dragon scales of Tomorrow {rPois rC+ Will++ rCorr Int-3}
   (You took it off a gnoll in a bailey)

   Int-3:     It affects your intelligence (-3).
   rC+:       It protects you from cold.
   rPois:     It protects you from poison Will++: It greatly increases your
   willpower.
   rCorr:     It protects you from acid and corrosion.
 K - the +0 ice dragon scales "Yttodaxu" {+Blink rF- rC++ Will+}
   (You took it off a gnoll sergeant in a bailey)

   rF-:       It makes you vulnerable to fire.
   rC++:      It greatly protects you from cold.
   Will+:     It increases your willpower.
   +Blink:    It lets you blink.
Magical Staves
 f - a staff of air (weapon)
Jewellery
 i - a ring of positive energy (left hand)
 x - a ring of resist corrosion
 B - a ring of magical power (right hand)
 F - a ring of willpower
 J - a ring of ice
Wands
 v - a wand of roots (9)
 M - a wand of flame (17)
Scrolls
 e - 6 scrolls of teleportation {unknown}
 h - a scroll of brand weapon {unknown}
 l - 7 scrolls of identify {unknown}
 m - 2 scrolls of fog {unknown}
 n - 2 scrolls of fear {unknown}
 o - 4 scrolls of amnesia {unknown}
 r - 3 scrolls of enchant weapon {unknown}
 t - 2 scrolls of poison {unknown}
 w - 3 scrolls of enchant armour {unknown}
 y - 3 scrolls of noise {unknown}
 A - 4 scrolls of immolation {unknown}
 C - a scroll of acquirement {unknown}
 D - a scroll of butterflies {unknown}
 E - 2 scrolls of silence {unknown}
 N - a scroll of revelation {unknown}
 P - a scroll of torment {unknown}
Potions
 d - 2 potions of curing
 g - 7 potions of mutation {unknown}
 k - 3 potions of enlightenment {unknown}
 p - 5 potions of haste {unknown}
 q - a potion of cancellation {unknown}
 H - a potion of brilliance {unknown}
 L - a potion of lignification {unknown}
 O - a potion of heal wounds {unknown}
 Q - a potion of ambrosia {unknown}


   Skills:
 + Level 0.9 Fighting
 - Level 2.4 Dodging
 - Level 2.4 Stealth
 + Level 11.1 Spellcasting
 - Level 10.0 Conjurations
 + Level 7.7 Hexes
 + Level 8.1 Translocations
 + Level 7.7 Air Magic
 + Level 8.3 Alchemy


You had 7 spell levels left.
You knew the following spells:

 Your Spells              Type           Power      Damage    Failure   Level
a - Magic Dart            Conj           100%       1d8       1%          1
b - Searing Ray           Conj           100%       2d8       1%          2
c - Mephitic Cloud        Conj/Alch/Air  77%        N/A       2%          3
d - Fulminant Prism       Conj/Alch      30%        3d16      4%          4
e - Iskenderun's Mystic   Conj/Tloc      60%        2d13      4%          4
f - Blink                 Tloc           100%       N/A       2%          2
g - Yara's Violent Unrav  Hex/Alch       28%        3d12      12%         5
h - Airstrike             Air            36%        2d(6-22)  7%          4

Your spell library contained the following spells:

 Spells                   Type           Power      Damage    Failure   Level
 Shock                    Conj/Air       100%       1d9       1%          1
 Momentum Strike          Conj/Tloc      100%       3d10      1%          2
 Jinxbite                 Hex            100%       N/A       2%          2
 Lesser Beckoning         Tloc           100%       N/A       2%          2
 Dazzling Flash           Conj/Hex       100%       N/A       2%          3
 Swiftness                Air            73%        N/A       3%          3
 Ensorcelled Hibernation  Hex/Ice        74%        N/A       5%          2
 Stone Arrow              Conj/Erth      86%        3d12      6%          3
 Silence                  Hex/Air        36%        N/A       13%         5
 Anguish                  Hex/Necr       18%        N/A       21%         4
 Fugue of the Fallen      Necr           15%        N/A       26%         3
 Animate Armour           Summ/Erth      30%        N/A       56%         4
 Curse of Agony           Necr           15%        N/A       86%         5
 Sculpt Simulacrum        Ice/Alch       19%        N/A       86%         6
 Enfeeble                 Hex            28%        N/A       90%         7
 Ozocubu's Refrigeration  Ice            7%         4d9       100%        7
 Lehudib's Crystal Spear  Conj/Erth      21%        10d6      100%        8
 Polar Vortex             Ice            7%         12d1*     100%        9


Dungeon Overview and Level Annotations

Branches:
Dungeon (10/15)            Temple (1/1) D:6            Lair (0/5) D:9
  Sewer (visited)          Bailey (visited)
    Orc: D:9-12

Altars:
Ashenzari
Cheibriados
Dithmenos
Elyvilon
Fedhas
Gozag
Hepliaklqana
Kikubaaqudgha
Makhleb
Nemelex Xobeh
Okawaru
Qazlal
Ru
Sif Muna
Trog
Uskayaw
Vehumet
Wu Jian
Xom
Yredelemnul
Zin
The Shining One

Shops:
D:2 *   D:8 (


Message History

Aim: a two-headed ogre, wielding two +0 giant clubs (heavily wounded, empty space bonus: 2/8)
You feel a surge of power!
The air twists around and strikes the two-headed ogre.
The two-headed ogre is severely wounded.
Magical energy flows into your mind!
Casting: Airstrike (dangerous; 7% risk of failure)
Confirm with . or Enter, or press ? or * to list all spells.
Aiming: Airstrike (dangerous; 7% risk of failure)
Press: ? - help, Dir - move target, f/p - two-headed ogre
Aim: a two-headed ogre, wielding two +0 giant clubs (severely wounded, empty space bonus: 2/8)
You feel a surge of power!
The air twists around and strikes the two-headed ogre.
The two-headed ogre is severely wounded.
Casting: Airstrike (dangerous; 7% risk of failure)
Confirm with . or Enter, or press ? or * to list all spells.
Aiming: Airstrike (dangerous; 7% risk of failure)
Press: ? - help, Dir - move target, f/p - two-headed ogre
Aim: a two-headed ogre, wielding two +0 giant clubs (severely wounded, empty space bonus: 2/8)
You feel a surge of power!
The air twists around and strikes the two-headed ogre!
The two-headed ogre is almost dead.
Casting: Airstrike (dangerous; 7% risk of failure)
Confirm with . or Enter, or press ? or * to list all spells.
Aiming: Airstrike (dangerous; 7% risk of failure)
Press: ? - help, Dir - move target, f/p - two-headed ogre
Aim: a two-headed ogre, wielding two +0 giant clubs (almost dead, empty space bonus: 2/8)
You feel a surge of power!
The air twists around and strikes the two-headed ogre.
The two-headed ogre is almost dead.
Casting: Airstrike (dangerous; 7% risk of failure)
Confirm with . or Enter, or press ? or * to list all spells.
Aiming: Airstrike (dangerous; 7% risk of failure)
Press: ? - help, Dir - move target, f/p - two-headed ogre
Aim: a two-headed ogre, wielding two +0 giant clubs (almost dead, empty space bonus: 2/8)
You feel a surge of power!
The air twists around and strikes the two-headed ogre but does no damage.
The two-headed ogre hits you with a +0 giant club!!
* * * LOW HITPOINT WARNING * * *
The two-headed ogre hits you with a +0 giant club!
You die...

#♣...♣#
#...[.#
########.####
#...........#
###......####
#.###### #.#
###########.#
#.........O@#
#.###########
#.# #.# #O#
#W# #.#
######.#
Z.{....#


You could see a two-headed ogre.

Vanquished Creatures
  Harold (D:9)
  Erolcha (D:9)
  A two-headed ogre (D:9)
  An ugly thing (D:7)
  4 centaur zombies (D:10)
  Jeremiah (D:6)
  An unseen horror (shapeshifter) (D:10)
  An unseen horror zombie (D:10)
  A troll (D:10)
  Grinder (D:5)
  2 vampires (D:10)
  2 shadows (D:10)
  5 yaks (D:10)
  3 wraiths (D:10)
  Menkaure (D:5)
  2 steam dragons (D:9)
  2 acid dragons
  3 water moccasins (D:8)
  Duvessa (D:5)
  3 ice beasts
  A sky beast (D:8)
  Pargi (Sewer)
  An orc warrior (D:9)
  A black bear (D:5)
  2 ogres
  4 wolves (Bailey)
  4 centaurs
  A phantom (D:3)
  3 kobold brigands
  A brain worm (Sewer)
  2 scorpions
  4 bullfrogs
  6 gnoll sergeants (Bailey)
  A wight (D:10)
  Dowan (D:5)
  10 killer bees (D:9)
  An electric eel (D:10)
  5 howler monkeys
  4 hounds
  2 jellies
  3 orc priests
  6 gnoll boudas (Bailey)
  4 iguanas
  8 orc wizards
  A sleepcap (D:6)
  A howler monkey zombie (D:10)
  16 gnolls
  5 adders
  2 white imps
  2 ufetubi (D:6)
  A dart slug (D:1)
  2 ribbon worms
  27 orcs
  4 endoplasms
  2 giant cockroaches
  9 goblins
  6 hobgoblins
  3 quokkas
  9 ball pythons
  3 bats
  5 frilled lizards
  15 kobolds
  2 rats (D:1)
  A fulminant prism (D:10)
229 creatures vanquished.

Vanquished Creatures (others)
  36 fulminant prisms
36 creatures vanquished.

Grand Total: 265 creatures vanquished

Notes
Turn   | Place    | Note
-------+----------+-------------------------------------------
     0 | D:1      | grandjackal the Deep Elf Conjurer began the quest for the
                  | Orb.
     0 | D:1      | Reached XP level 1. HP: 10/10 MP: 6/6
   166 | D:1      | Reached XP level 2. HP: 15/15 MP: 5/8
   213 | D:1      | Learned a level 2 spell: Searing Ray
  1116 | D:2      | Reached skill level 4 in Spellcasting
  1313 | D:2      | Found an ancient bone altar of Kikubaaqudgha.
  1379 | D:2      | Reached skill level 5 in Conjurations
  1379 | D:2      | Reached XP level 3. HP: 19/19 MP: 5/10
  1687 | D:2      | Learned a level 3 spell: Mephitic Cloud
  1800 | D:2      | Found Alirph's Assorted Antiques.
  1809 | D:2      | Bought a scroll labelled FADOEV IMATH for 19 gold pieces
  1809 | D:2      | Bought a scroll labelled SEIQYEX UDOOV for 19 gold pieces
  1809 | D:2      | Bought a scroll labelled SEIQYEX UDOOV for 19 gold pieces
  1991 | D:2      | Reached XP level 4. HP: 24/24 MP: 7/12
  2069 | D:2      | Learned a level 4 spell: Fulminant Prism
  2341 | D:3      | Found a snail-covered altar of Cheibriados.
  2346 | D:3      | Reached skill level 1 in Air Magic
  2346 | D:3      | Reached skill level 1 in Alchemy
  2501 | D:3      | Reached skill level 5 in Spellcasting
  2586 | D:3      | Reached XP level 5. HP: 25/28 MP: 8/14
  3120 | D:3      | Noticed a phantom
  3130 | D:3      | Killed a phantom
  3466 | D:4      | Reached XP level 6. HP: 21/32 MP: 0/16
  4130 | D:4      | Learned a level 4 spell: Iskenderun's Mystic Blast
  4148 | D:5      | Entered Level 5 of the Dungeon
  4250 | D:5      | Noticed Duvessa
  4439 | D:5      | Noticed Grinder
  4440 | D:5      | Paralysed by Grinder for 2 turns
  4448 | D:5      | Killed Grinder
  4449 | D:5      | Reached skill level 6 in Spellcasting
  4449 | D:5      | Reached skill level 1 in Translocations
  4449 | D:5      | Reached XP level 7. HP: 30/36 MP: 17/18
  4466 | D:5      | Noticed Menkaure
  4473 | D:5      | Killed Menkaure
  4767 | D:5      | Found a glowing drain.
  4772 | D:5      | Reached XP level 8. HP: 41/41 MP: 20/20
  4779 | D:5      | Noticed Dowan
  4784 | Sewer    | Entered a sewer
  4887 | Sewer    | Reached skill level 7 in Spellcasting
  5005 | Sewer    | Noticed Pargi
  5014 | Sewer    | Killed Pargi
  5137 | Sewer    | Learned a level 2 spell: Blink
  5147 | D:5      | Killed Duvessa
  5154 | D:5      | Killed Dowan
  5547 | D:2      | Bought a faintly glowing robe for 108 gold pieces
  5547 | D:2      | Identified the +0 robe "Tizun" {^Drain rC+ rCorr Dex+2}
                  | (You bought it in a shop on level 2 of the Dungeon)
  5685 | D:6      | Found a staircase to the Ecumenical Temple.
  5846 | Temple   | Entered the Ecumenical Temple
  5936 | Temple   | Became a worshipper of Sif Muna the Loreminder
  5969 | D:6      | Reached skill level 5 in Alchemy
  5971 | D:6      | Noticed Jeremiah
  5981 | D:6      | Killed Jeremiah
  5982 | D:6      | Reached skill level 8 in Spellcasting
  5982 | D:6      | Reached XP level 9. HP: 45/45 MP: 7/23
  6107 | D:6      | Learned a level 5 spell: Yara's Violent Unravelling
  6129 | D:6      | Identified the +3 leather armour "Roahorea" {rC+ MP+9}
  6157 | D:6      | Reached skill level 5 in Air Magic
  6251 | D:6      | Reached skill level 1 in Hexes
  6308 | D:6      | Found an ancient bone altar of Kikubaaqudgha.
  6372 | D:6      | Found a radiant altar of Vehumet.
  6960 | D:7      | Found a flagged portal.
  6993 | Bailey   | Entered a bailey
  6997 | Bailey   | Reached * piety under Sif Muna
  6998 | Bailey   | Reached skill level 5 in Translocations
  7351 | Bailey   | Identified the +1 acid dragon scales of Tomorrow {rPois rC+
                  | Will++ rCorr Int-3}
  7469 | Bailey   | Reached skill level 9 in Spellcasting
  7485 | Bailey   | Identified the +0 ice dragon scales "Yttodaxu" {+Blink rF-
                  | rC++ Will+}
  7933 | D:7      | Noticed a brown ugly thing
  7944 | D:7      | Killed a brown ugly thing
  7945 | D:7      | Reached XP level 10. HP: 50/50 MP: 18/25
  8284 | D:7      | Identified the +0 leather armour of Peek-a-Boo {Str+5 SInv}
  8376 | D:8      | Reached ** piety under Sif Muna
  8566 | D:8      | Learned a level 4 spell: Airstrike
  8663 | D:8      | Found Fudefymo's Weapon Shop.
  9069 | D:8      | Reached skill level 5 in Hexes
  9862 | D:9      | Noticed Erolcha
 10032 | D:9      | Noticed Harold
 10039 | D:9      | Killed Harold
 10040 | D:9      | Reached skill level 10 in Spellcasting
 10191 | D:9      | Noticed a two-headed ogre
 10198 | D:9      | Killed a two-headed ogre
 10220 | D:9      | Found a staircase to the Lair.
 10737 | D:9      | Killed Erolcha
 10797 | D:10     | Entered Level 10 of the Dungeon
 10801 | D:10     | Reached XP level 11. HP: 47/54 MP: 27/27
 11487 | D:10     | Reached skill level 11 in Spellcasting
 11487 | D:10     | Reached skill level 10 in Conjurations
 11666 | D:10     | Identified the +4 arbalest of Prescription {heavy, Fly
                  | rCorr Int+2}
 11691 | D:10     | Reached *** piety under Sif Muna
 11788 | D:10     | Noticed a two-headed ogre
 11816 | D:10     | Slain by a two-headed ogre

Illustrated notes

Levels and vault maps discovered:
D:1:      dpeg_arrival_simpleton_b, layout_loops_ring, minmay_tromino_i4
D:2:      layout_loops_corners, serial_forest, infiniplex_forest_clump_cross,
          infiniplex_forest_clump_long, infiniplex_forest_clump_medium,
          infiniplex_forest_pool, infiniplex_forest_straight_4,
          infiniplex_forest_end_1, infiniplex_forest_lined_2,
          infiniplex_forest_clump_double, serial_shops,
          nicolae_shop_just_a_little_nook, basic_altar,
          kennysheep_generic_room_3
D:3:      layout_loops_ring, mainiacjoe_overflow_boulevard
D:4:      layout_cave_pools, minmay_pentomino_pile
D:5:      layout_loops_cross, portal_sewer_entry_a, minmay_increasing_density,
          uniq_menkaure, uniq_grinder, uniq_duvessa
D:6:      layout_rooms, mainiacjoe_overflow_large_starburst,
          minmay_temple_entry_statues_pillars,
          minmay_a_box_with_orc_wizards_in_it, uniq_jeremiah
D:7:      layout_rooms, enter_bailey_4
D:8:      layout_gridville, serial_shops, shop, grunt_ministairs_10,
          chequers_jeans, serial_park_tiny_1
D:9:      nicolae_cairo_tiling_very_big, layout_basic, serial_bayou_crossing,
          uniq_harold, uniq_erolcha
D:10:     nzn_winding_woodlands_large [nzn_winding_woodlands_5x5_closed_star,
          nzn_winding_woodlands_5x15_cabin, nzn_winding_woodlands_5x5_open_star,
          nzn_winding_woodlands_center_lodge,
          nzn_winding_woodlands_15x15_eel_pit,
          nzn_winding_woodlands_center_pierced_h,
          nzn_winding_woodlands_5x5_default,
          nzn_winding_woodlands_5x15_lazy_stream,
          nzn_winding_woodlands_hourglass], layout_loops_ring, serial_undead,
          serial_undead_d, serial_undead_f, serial_undead_b, serial_undead_a,
          nicolae_figureground_pulse
Temple:   nicolae_temple_bog_church

Skill      XL: |  1  2  3  4  5  6  7  8  9 10 11 |
---------------+----------------------------------+-----
Spellcasting   | 4 5 6 8 9 10 11 | 11.1
Conjurations   | 5 6 7 8 9 10 | 10.0
Air Magic      | 1 2 3 4 6 7 |  7.7
Alchemy        | 1 2 3 4 5 6 7 8 |  8.3
Translocations | 1 2 4 6 7 8 |  8.1
Hexes          | 4 6 7 |  7.7
Fighting       | |  0.9
Dodging        | |  2.4
Stealth        | |  2.4

Action                     |  1- 3 |  4- 6 |  7- 9 | 10-12 || total
---------------------------+-------+-------+-------+-------++-------
  Melee: Dagger            |    15 |    24 |     5 |       ||    44
         Punch             |       |     1 |       |       ||     1
         Staff             |       |       |       |     1 ||     1
   Cast: Magic Dart        |    47 |     6 |     7 |       ||    60
         Searing Ray       |     2 |    26 |    95 |    38 ||   161
         Mephitic Cloud    |       |       |     4 |     3 ||     7
         Fulminant Prism   |       |       |    13 |    24 ||    37
         Iskenderun's Myst |       |       |     4 |     4 ||     8
         Blink             |       |       |     3 |     2 ||     5
         Airstrike         |       |       |       |    46 ||    46
         Yara's Violent Un |       |       |       |     1 ||     1
  Evoke: Wand              |       |     2 |     3 |       ||     5
    Use: Potion            |       |       |     2 |       ||     2
   Stab: Sleeping          |       |     1 |     1 |       ||     2
 Armour: Robe              |     9 |    25 |   101 |    79 ||   214
  Dodge: Dodged            |    13 |    20 |    76 |    66 ||   175

Table legend: (Time is in decaauts)
 A = Elapsed time spent in this place.
 B = Non-inter-level travel time spent in this place.
 C = Inter-level travel time spent in this place.
 D = Time resting spent in this place.
 E = Time spent auto-exploring this place.
 F = Levels seen in this place.
 G = Mean time per level.
                   A        B        C        D        E       F      G
               +--------+--------+--------+--------+--------+-----+--------+
         Total |  11849 |  11299 |    550 |   3395 |   5609 |  13 |  911.5 |
       Dungeon |  10571 |  10030 |    541 |   2843 |   5460 |  10 | 1057.1 |
        Temple |    103 |     94 |      9 |     38 |      0 |   1 |  103.0 |
         Sewer |    358 |    358 |      0 |    203 |      0 |   1 |  358.0 |
        Bailey |    815 |    815 |      0 |    311 |    149 |   1 |  815.0 |
               +--------+--------+--------+--------+--------+-----+--------+

Top non-repeatable levels by time:
     D:9: 1536 daAuts
     D:2: 1295 daAuts
     D:5: 1174 daAuts
     D:1: 1112 daAuts
     D:8: 1077 daAuts
     D:3: 1066 daAuts
    D:10: 880 daAuts
     D:6: 825 daAuts
     D:7: 819 daAuts
  Bailey: 815 daAuts
     D:4: 782 daAuts
   Sewer: 358 daAuts
  Temple: 103 daAuts
